Cogmind - Beta 14 @@@ ROGUE MODE // 2024.08.18 @ 03:57:50 Player: Lillith Result: Destroyed by C-17 Slicer with Blade Saw Performance ------------- Evolutions (2) 1000 Regions Visited (5) 1000 Robots Destroyed (135) 675 Value Destroyed (3821) 3821 Prototype IDs (9) 180 Alien Tech Used (0) 0 Bonus (484) 484 TOTAL SCORE: 7160 Bonus ------- High Alert Combat Kills 300 Follower Combat Kills 195 Friendly Fire -11 Cogmind --------- Core Integrity 0/550 Matter 270/300 Energy 55/160 System Corruption 15% Temperature Cool (0) Movement Flying (32) Location -8/Materials Parts ------- > --- POWER (1) -------- Light Nuclear Core > --- PROPULSION (4) --- Improved Flight Unit Improved Flight Unit Improved VTOL Module > --- UTILITY (4) ------ Small Storage Unit System Shield > --- WEAPON (2) ------- Scythe > --- INVENTORY (8) ---- Hardened Medium Armor Plating Drone Bay (2/2) Heavy Particle Gun Mini Grenade Launcher Datajack Peak State ------------ > --- POWER ------------ Nuclear Core > --- PROPULSION ------- Improved Flight Unit Improved VTOL Module Improved VTOL Module Improved VTOL Module > --- UTILITY ---------- Small Storage Unit Improved Sensor Array Hacking Suite > --- WEAPON ----------- Heavy Particle Gun Heavy Particle Gun > --- INVENTORY -------- Improved Flight Unit Improved Flight Unit Light Armor Plating System Shield Drone Bay Heavy Assault Rifle Improved Assault Rifle Mini Grenade Launcher [Rating: 35] Favorites ----------- Power Heavy Ion Engine Engine Heavy Ion Engine Power Core Light Nuclear Core Propulsion Improved Treads Treads Improved Treads Wheel Armored Wheel Flight Unit Improved Flight Unit Utility Medium Storage Unit Device Improved Heat Sink Storage Medium Storage Unit Processor Improved Targeting Computer Hackware Hacking Suite Protection Light Armor Plating Weapon Heavy Assault Rifle Energy Gun Medium Laser Energy Cannon Advanced Beam Cannon Ballistic Gun Heavy Assault Rifle Launcher Mini Grenade Launcher Slashing Weapon Scythe Special Melee Weapon Datajack Build | -11 -10 -10 -9 -9 -8 ------- Run | Yrd Mat Min Mat Sto Mat Slots Evolved 4 | . . . 2 . 2 Power . | . . . . . . Propulsion 2 | . . . 1 . 1 Utility 2 | . . . 1 . 1 Weapon . | . . . . . . Parts Attached 124 | 9 20 6 21 23 45 Power 12 | 1 1 1 2 2 5 Engine 8 | 1 1 1 1 2 2 Core 4 | . . . 1 . 3 Reactor . | . . . . . . Propulsion 44 | 3 10 1 4 10 16 Treads 19 | 2 5 1 3 7 1 Leg . | . . . . . . Wheel 7 | 1 5 . 1 . . Hover . | . . . . . . Flight 18 | . . . . 3 15 Utility 32 | 3 3 1 8 6 11 Device 10 | 2 2 1 3 1 1 Storage 3 | 1 1 . . . 1 Processor 1 | . . . . 1 . Hackware 5 | . . . . . 5 Protection 13 | . . . 5 4 4 Artifact . | . . . . . . Weapon 36 | 2 6 3 7 5 13 Energy Gun 6 | 1 2 . . 1 2 Energy Cannon 6 | . . . 3 1 2 Ballistic Gun 20 | 1 4 2 4 3 6 Ballistic Cannon . | . . . . . . Launcher 2 | . . 1 . . 1 Special Weapon . | . . . . . . Impact Weapon . | . . . . . . Slashing Weapon 1 | . . . . . 1 Piercing Weapon . | . . . . . . Special Melee Weapon 1 | . . . . . 1 Unidentified Prototypes 5 | . . . 2 2 1 Parts Lost 38 | . 6 3 5 4 20 Power 7 | . 1 2 . 1 3 Propulsion 9 | . 1 . 2 . 6 Utility 16 | . 2 . 3 2 9 Weapon 6 | . 2 1 . 1 2 Highest Loss Streak 6 | . 2 2 1 3 6 To Critical Strikes . | . . . . . . Average Slot Usage (%) 93 | . 95 90 96 96 86 Engine 8 | . 13 5 9 8 4 Treads 18 | . 16 22 21 23 . Wheel 5 | . 11 5 10 . . Flight 7 | . . . . 8 33 Device 7 | . 10 14 12 . 3 Storage 11 | . 14 14 11 11 9 Processor 2 | . . . . 10 . Hackware 2 | . . . . . 16 Protection 4 | . . . 7 10 3 Energy Gun 2 | . 7 . . . 3 Energy Cannon 5 | . . . 8 11 . Ballistic Gun 14 | . 20 27 13 10 4 Peak Build Rating 35 | 9 14 14 23 24 35 Average Rating 17 | 6 10 12 20 19 29 On Entrance 13 | . 8 14 12 20 24 Naked Turns . | . . . . . . Heaviest Build 34 | 12 22 22 32 34 34 Greatest Support 66 | 40 46 23 66 66 43 Greatest Overweight (x) 9 | 1 2 1 2 9 1 Average Overweight (x) . | . 1 . 1 . . Largest Inventory Capacity 10 | 8 10 10 10 10 10 Average Capacity 9 | 7 9 10 10 10 8 Most Carried 10 | 6 10 10 10 10 10 Average Carried 8 | 4 8 9 9 9 6 Final Capacity 10 | 8 10 10 10 10 8 Final Carried 10 | 6 10 10 10 10 5 Class Distribution -------------------- 81% | Mutant 7% | Hacker-Sprinter 5% | Commander-Mutant 3% | Hacker-Mutant Dominant Class ---------------- Mutant | -10/Materials Mutant | -10/Mines Mutant | -9/Materials Mutant | -9/Storage Hacker-Sprinter | -8/Materials Resources | -11 -10 -10 -9 -9 -8 ----------- Run | Yrd Mat Min Mat Sto Mat Matter Collected 3044 | 313 526 307 755 399 744 Remotely . | . . . . . . Salvage Created 5010 | 231 685 198 2119 970 807 Parts 350 | 21 59 17 134 65 54 Haulers Intercepted 6 | . . . 3 3 . Recyclers Shooed 2 | 1 . . 1 . . Parts Field Recycled . | . . . . . . Retrieved Matter . | . . . . . . Parts Self-Destructed . | . . . . . . Prevented . | . . . . . . Kills | -11 -10 -10 -9 -9 -8 ------- Run | Yrd Mat Min Mat Sto Mat Combat Hostiles Destroyed 103 | . 21 5 40 14 23 Melee 1 | . . . . . 1 Guns 74 | . 21 5 28 3 17 Cannons 24 | . . . 12 11 1 AOE 4 | . . . . . 4 Classes Destroyed 15 | 3 3 3 3 . 3 Worker 8 | 2 1 . 4 1 . Builder 3 | . . 1 1 1 . Tunneler 9 | 6 . 2 1 . . Hauler 6 | . . . 3 3 . Recycler 3 | 1 . . 1 1 . Operator 7 | . 3 . 1 2 1 Watcher 1 | . . . 1 . . Swarmer 14 | . 9 . . 1 4 Cutter 2 | . . . . . 2 Grunt 55 | . 12 2 29 6 6 Brawler 4 | . . . 3 1 . Duelist 1 | . . . . . 1 Sentry 23 | . . 2 8 6 7 Demolisher 1 | . . 1 . . . Hunter 3 | . . . . . 3 Best Kill Streak 8 | 3 3 3 8 3 5 Combat Bots Only 6 | . 3 3 6 3 5 Max Kills in Single Turn 2 | 1 1 1 2 1 2 Gunslinging 1 | . . . 1 . . Exploded 2 | . . . . . 2 Melee 1 | . . . . . 1 Uniques/NPCs Destroyed . | . . . . . . Combat | -11 -10 -10 -9 -9 -8 -------- Run | Yrd Mat Min Mat Sto Mat Hostile Shots Fired 588 | . 100 35 148 53 252 Missed 195 | . 26 8 47 16 98 Damage Taken 5453 | . 735 438 1280 619 2381 Core 902 | . 116 59 137 30 560 Absorbed by Shields . | . . . . . . Core Remaining (%) 62 | 100 . 30 . 58 . Volleys Fired 418 | 33 91 17 133 43 101 Largest 2 | 2 2 2 2 2 2 Hottest 136 | 70 90 46 136 91 110 Shots Fired 753 | 64 180 30 258 84 137 Gun 587 | 64 180 30 156 41 116 Cannon 154 | . . . 102 43 9 Launcher 12 | . . . . . 12 Special . | . . . . . . Kinetic 469 | 33 141 30 156 41 68 Thermal 272 | 31 39 . 102 43 57 Explosive 12 | . . . . . 12 Electromagnetic . | . . . . . . Robot Hit Streak 19 | 12 11 19 10 12 15 Robot Miss Streak 7 | 4 4 2 5 2 7 Penetration Max . | . . . . . . Secondary Targets 6 | . 4 . 1 . 1 Max Gunslinging Chain 1 | . 1 . 1 . 1 Shots Hit Robots 478 | 33 110 24 169 48 94 Core Hits 223 | 13 37 11 82 29 51 Critical Kills . | . . . . . . Critical Parts Destroyed 2 | 1 . . . . 1 Critical Strikes 9 | 3 . . . . 6 Burn 6 | 2 . . . . 4 Destroy 2 | 1 . . . . 1 Sever 1 | . . . . . 1 Melee Attacks 21 | . . . . . 21 Impact . | . . . . . . Slashing 21 | . . . . . 21 Piercing . | . . . . . . Sneak Attacks . | . . . . . . Combat Hostiles . | . . . . . . Follow-up Attacks . | . . . . . . Damage Inflicted 8272 | 363 1491 368 2949 965 2136 Guns 5802 | 363 1491 368 1755 332 1493 Cannons 1948 | . . . 1194 633 121 Explosions 429 | . . . . . 429 Melee 93 | . . . . . 93 Ramming . | . . . . . . Kinetic 4714 | 98 1204 368 1755 332 957 Thermal 3036 | 265 287 . 1194 633 657 Explosive 429 | . . . . . 429 Electromagnetic . | . . . . . . Impact . | . . . . . . Slashing 93 | . . . . . 93 Piercing . | . . . . . . Highest Corruption 15 | . 1 1 . 7 15 Average Corruption 2 | . 1 1 . 3 6 Corruption Purged . | . . . . . . Corruption Blocked . | . . . . . . Effects 77 | . 13 10 . 30 24 Message Errors 18 | . 3 1 . 9 5 Matter Fused 24 | . 8 5 . 6 5 Heat Flow Errors 10 | . . 4 . 1 5 Energy Discharges 6 | . . . . 4 2 Parts Rejected 2 | . . . . 1 1 Parts Fused 1 | . . . . 1 . Data Loss (minor) 10 | . 1 . . 6 3 Alerts 1 | . . . . 1 . Misdirections 2 | . . . . . 2 Weapon Failures 3 | . 1 . . 1 1 Overload Shots . | . . . . . . Overflow Damage 19 | . . . 8 11 . Projectiles 19 | . . . 8 11 . Explosions . | . . . . . . Melee . | . . . . . . Knockbacks . | . . . . . . Impact . | . . . . . . Kinetic . | . . . . . . Secondary . | . . . . . . Self-Inflicted Damage . | . . . . . . Shots . | . . . . . . Rammed . | . . . . . . Targets Rammed . | . . . . . . Kicked . | . . . . . . Crushed . | . . . . . . Highest Temperature 402 | 170 102 200 402 99 330 Average Temperature 68 | 62 33 58 70 25 97 Received Heat Transfer 1770 | . 291 126 591 168 594 Effects 4 | . . . 1 . 3 Interference 3 | . . . 1 . 2 Damage (minor) 1 | . . . . . 1 Siege Activations . | . . . . . . Robots Corrupted . | . . . . . . Combat Hostiles . | . . . . . . Parts Fried . | . . . . . . Impact Corruptions . | . . . . . . Robots Melted . | . . . . . . Combat Hostiles . | . . . . . . Parts Melted 11 | 3 1 . 1 2 4 Heat Transferred 6477 | 925 816 . 2072 1110 1554 Parts Sabotaged . | . . . . . . Parts Stolen . | . . . . . . Parts Stripped . | . . . . . . Power Chain Reactions . | . . . . . . Alert | -11 -10 -10 -9 -9 -8 ------- Run | Yrd Mat Min Mat Sto Mat Peak Influence 780 | 45 245 115 746 490 780 Initial 314 | . 29 55 1 314 44 Average 233 | 24 117 48 327 279 401 Maximum Alert Level 3 | . 1 . 3 2 3 Low Security (%) 59 | 100 95 100 36 44 20 Level 1 18 | . 4 . 24 29 31 Level 2 20 | . . . 37 26 37 Level 3 1 | . . . 1 . 10 Level 4 . | . . . . . . Level 5 . | . . . . . . High Security . | . . . . . . Max Security . | . . . . . . Squads Dispatched 30 | . 6 . 7 4 13 Investigation 13 | . 4 . 5 . 4 Extermination . | . . . . . . Reinforcement 9 | . 2 . 1 2 4 Assault 2 | . . . 1 . 1 Garrison 6 | . . . . 2 4 Intercept . | . . . . . . Searches Triggered . | . . . . . . Construction Impeded . | . . . . . . Haulers Reinforced . | . . . . . . Active Scanning Responses . | . . . . . . Cargo Convoy Interrupts . | . . . . . . Stealth | -11 -10 -10 -9 -9 -8 --------- Run | Yrd Mat Min Mat Sto Mat Distress Signals 10 | . 1 . 2 3 4 Communications Jammed . | . . . . . . Distress Signals . | . . . . . . Times Spotted 204 | . 38 7 63 27 69 Peak Tracking Total 10 | . 4 3 6 4 10 Tactical Retreats 16 | . . 2 3 . 11 Traps | -11 -10 -10 -9 -9 -8 ------- Run | Yrd Mat Min Mat Sto Mat Traps Triggered 12 | . 3 . 1 6 2 Indirectly . | . . . . . . Trap Hack Attempts . | . . . . . . Triggered . | . . . . . . Disarmed . | . . . . . . Reprogrammed . | . . . . . . Reused . | . . . . . . Traps Extracted . | . . . . . . Installed . | . . . . . . Triggered . | . . . . . . Machines | -11 -10 -10 -9 -9 -8 ---------- Run | Yrd Mat Min Mat Sto Mat Machines Disabled 10 | . 2 . 3 4 1 Max in Single Turn 1 | . 1 . 1 1 1 Garrison Access 1 | . . . . 1 . Machines Repaired . | . . . . . . Machines Dismantled . | . . . . . . Machines Sabotaged . | . . . . . . Overloaded Fab Kills . | . . . . . . Hacking | -11 -10 -10 -9 -9 -8 --------- Run | Yrd Mat Min Mat Sto Mat Machines Accessed 36 | . 7 . 12 12 5 Terminals 27 | . 6 . 8 9 4 Fabricators . | . . . . . . Repair Stations . | . . . . . . Recycling Units 6 | . 1 . 2 2 1 Scanalyzers 2 | . . . 2 . . Garrison Access 1 | . . . . 1 . Total Hacks 89 | . 18 . 32 22 17 Successful 54 | . 12 . 24 12 6 Failed 35 | . 6 . 8 10 11 Catastrophic 3 | . . . 1 1 1 Database Lockouts . | . . . . . . Manual 53 | . 15 . 21 5 12 Terminals 74 | . 16 . 24 19 15 Fabricators . | . . . . . . Repair Stations . | . . . . . . Recycling Units 10 | . 2 . 4 2 2 Scanalyzers 4 | . . . 4 . . Garrison Access 1 | . . . . 1 . Terminal Hacks 20 | . 2 . 7 9 2 Record 1 | . . . 1 . . Robot Schematic 1 | . . . . 1 . Robot Analysis 5 | . 2 . 2 . 1 Prototype ID Bank 2 | . . . . 2 . Open Door 2 | . . . . 2 . Branch Access Points 2 | . . . 1 . 1 Unreport Threat 2 | . . . . 2 . Locate Traps 2 | . . . 2 . . Maintenance Status 1 | . . . . 1 . Hauler Manifests 1 | . . . . 1 . Zone Layout 1 | . . . 1 . . Fabricator Hacks . | . . . . . . Repair Station Hacks . | . . . . . . Recycling Unit Hacks 5 | . 1 . 1 2 1 Retrieve Components 5 | . 1 . 1 2 1 Scanalyzer 4 | . . . 4 . . Insert Component 2 | . . . 2 . . Analyze 2 | . . . 2 . . Garrison Access Hacks 1 | . . . . 1 . Seal Access 1 | . . . . 1 . Unauthorized Hacks 24 | . 9 . 12 . 3 Terminals 22 | . 9 . 10 . 3 Assimilate 2 | . 2 . . . . Botnet 6 | . 2 . 4 . . Operators 2 | . 1 . 1 . . Skim 12 | . 4 . 5 . 3 Fabricators . | . . . . . . Repair Stations . | . . . . . . Recycling Units 2 | . . . 2 . . Tunnel 2 | . . . 2 . . Scanalyzers . | . . . . . . Garrison Access . | . . . . . . Data Cores Recovered 2 | . . . . 1 1 Used 1 | . . . . 1 . Hacking Detections 29 | . 7 . 8 9 5 Full Trace Events 7 | . 1 . 2 . 4 Feedback Events 1 | . 1 . . . . Corruption 1 | . 1 . . . . Feedback Blocked . | . . . . . . Robot Schematics Acquired 1 | . . . . 1 . Robots Built . | . . . . . . Authchips . | . . . . . . Time . | . . . . . . Total Robot Build Rating . | . . . . . . Part Schematics Acquired 1 | . . . 1 . . Parts Built . | . . . . . . Authchips . | . . . . . . Time . | . . . . . . Total Part Build Rating . | . . . . . . Parts Repaired . | . . . . . . Time . | . . . . . . Parts Recycled . | . . . . . . Recycled Matter . | . . . . . . Retrieved Matter . | . . . . . . Retrieved Components 38 | . 10 . 9 19 . Parts Scanalyzed 1 | . . . 1 . . Part Schematics Acquired 1 | . . . 1 . . Parts Damaged . | . . . . . . Bothacking | -11 -10 -10 -9 -9 -8 ------------ Run | Yrd Mat Min Mat Sto Mat Used RIF Installer . | . . . . . . Robots Hacked . | . . . . . . Non-combat . | . . . . . . Combat . | . . . . . . Robot Hacks Applied . | . . . . . . Relay Couplers Released . | . . . . . . Fabnet Peak Effective % . | . . . . . . Robots Rewired . | . . . . . . Allies Hacked . | . . . . . . Hacks Repelled . | . . . . . . Allies | -11 -10 -10 -9 -9 -8 -------- Run | Yrd Mat Min Mat Sto Mat Total Allies 11 | . 1 . . 10 . Largest Group 10 | . 1 1 . 10 . Highest-Rated Group 88 | . 10 10 . 88 . Highest-Rated Ally 16 | . 10 10 . 16 . Total Orders . | . . . . . . Ally Attacks 51 | . . . . 51 . Total Damage 450 | . . . . 450 . Kills 11 | . . . . 11 . Allies Corrupted . | . . . . . . Allies Melted . | . . . . . . Intel | -11 -10 -10 -9 -9 -8 ------- Run | Yrd Mat Min Mat Sto Mat Robot Analysis Total 5 | . 2 . 2 . 1 Derelict Logs Recovered 1 | . . 1 . . . Drone Launches . | . . . . . . Drone Recoveries . | . . . . . . Exploration | -11 -10 -10 -9 -9 -8 ------------- Run | Yrd Mat Min Mat Sto Mat Turns Passed 8054 | 304 1595 1141 1789 2085 1140 Spaces Moved 5937 | 116 1118 823 1062 1152 1666 Core 11 | 6 . . . 5 . Treads 1812 | 108 89 398 76 1122 19 Legs . | . . . . . . Wheels 2442 | 2 1029 425 986 . . Hover . | . . . . . . Flight 1672 | . . . . 25 1647 Fastest Speed 26 | 50 80 105 105 104 26 Average Speed 104 | 153 105 131 120 160 37 Slowest Speed 500 | 160 240 160 240 500 240 Overloaded Moves . | . . . . . . Propulsion Burnouts . | . . . . . . Robots Hopped 16 | . . . . . 16 Cave-ins Triggered 1 | . . . . . 1 Exploration Rate (%) 77 | 6 95 97 79 96 92 Regions Visited 5 Branch Regions 2 Pre-discovered Areas 3 | . . 1 2 . . Known Exits Taken 2 | . . . 1 1 . Unknown Exits Taken 3 | 1 1 1 . . . Scrap Searched 1 | . . 1 . . . Spaces Dug 12 | . . . . . 12 Terrain Destroyed 72 | . . . . . 72 Melee 12 | . . . . . 12 Projectile . | . . . . . . AOE 60 | . . . . . 60 Terrain Rammed . | . . . . . . Walls Destroyed . | . . . . . . Machines Disabled . | . . . . . . Actions | -11 -10 -10 -9 -9 -8 --------- Run | Yrd Mat Min Mat Sto Mat Total 7020 | 182 1351 849 1329 1304 2005 Wait 429 | 17 98 2 98 58 156 Move 5901 | 115 1117 822 1061 1151 1635 Hop 15 | . . . . . 15 Pick Up 39 | 6 12 1 4 6 10 Fast Attach 50 | 7 5 2 12 10 14 Attach 39 | 2 5 1 2 5 24 Detach 18 | 2 2 . . 3 11 Swap 35 | . 10 3 7 8 7 Drop 53 | . 11 1 12 18 11 Fire 418 | 33 91 17 133 43 101 Melee 21 | . . . . . 21 Ram . | . . . . . . Kick . | . . . . . . Crush . | . . . . . . Escape Stasis . | . . . . . . Rewire 2 | . . . . 2 . Trap . | . . . . . . Miscellaneous . | . . . . . . Route ------- -11/Scrapyard -10/Materials (discovered 4 exits: *Mat x3 / [*Min]) -10/Mines (discovered 2 exits: *Mat x2) -9/Materials (discovered 7 exits: *Mat x3 / *Min x2 / *Sto x2) -9/Storage (discovered 2 exits: *Mat / Rec) -8/Materials (discovered 3 exits: [*Fac x3]) History --------- Turn | Location | Event 38 | -11/Scrapyard | Discovered new exit (range 16) 305 | -11/Scrapyard | Entered Materials 324 | -10/Materials | Build established: Mutant 591 | -10/Materials | Discovered new exit (range 15) 967 | -10/Materials | Discovered new exit (range 14) 1025 | -10/Materials | Discovered new exit (range 13) 1219 | -10/Materials | Discovered new exit (range 16) 1900 | -10/Materials | Entered Mines 1900 | -10/Mines | Accompanied by 1 ally 2065 | -10/Mines | Learned Materials stockpile data 2080 | -10/Mines | Assembled infested the area 2085 | -10/Mines | Assisted by a Guerilla fighting off Assembled 2098 | -10/Mines | Learned location of Storage (-9) 2295 | -10/Mines | Core integrity fell below 50% 2353 | -10/Mines | Discovered new exit (range 10) 2729 | -10/Mines | Discovered new exit (range 8) 2886 | -10/Mines | Deemed a non-threat by the Exiles lab entrance 3041 | -10/Mines | Entered Materials 3041 | -9/Materials | Evolved 2 slots: Propulsion x1, Utility x1 3325 | -9/Materials | Discovered new exit (range 13) 3974 | -9/Materials | Discovered new exit (range 15) 4080 | -9/Materials | Discovered new exit (range 15) 4342 | -9/Materials | Discovered new exit (range 15) 4534 | -9/Materials | Identified exit to Mines 4534 | -9/Materials | Identified exit to Storage 4555 | -9/Materials | Discovered new exit (range 8) 4609 | -9/Materials | Learned location of 1 exit from Storage 4641 | -9/Materials | First assault squad dispatched 4675 | -9/Materials | Learned location of 1 exit from Storage 4818 | -9/Materials | Learned location of 1 exit from Storage 4830 | -9/Materials | Entered Storage 4831 | -9/Storage | Identified exit to Materials 4832 | -9/Storage | Identified exit to Recycling 4861 | -9/Storage | Lost 3 parts (1p1u1w) 5020 | -9/Storage | Assisted by bots powering up and referring to "LRC-V3" 5319 | -9/Storage | Build established: Commander-Mutant 5412 | -9/Storage | Lost 5 allies 5742 | -9/Storage | Build established: Mutant 5856 | -9/Storage | Garrison activated, responded to threat 6915 | -9/Storage | Entered Materials 6915 | -8/Materials | Evolved 2 slots: Propulsion x1, Utility x1 7151 | -8/Materials | Crushed by falling debris 7180 | -8/Materials | Discovered new exit (range 4) 7182 | -8/Materials | Lost 6 parts (1p2n2u1w) 7241 | -8/Materials | Core integrity fell below 50% 7521 | -8/Materials | Garrison activated, responded to threat 7660 | -8/Materials | Garrison activated, responded to threat 7712 | -8/Materials | Core integrity fell below 20% 7715 | -8/Materials | First assault squad dispatched 7916 | -8/Materials | Discovered new exit (range 12) 7957 | -8/Materials | Discovered new exit (range 4) 8046 | -8/Materials | System corruption reached 10% 8055 | -8/Materials | Destroyed by C-17 Slicer with Blade Saw Last Messages --------------- 08007_ Knocked back. 08011_ C-17 Slicer knocked back. 08011_ C-17 Slicer destroyed. 08019_ C-17 Slicer Surge Thruster severed. 08031_ C-17 Slicer destroyed. 08036_ Acquired 10 matter. 08037_ ALERT: Suspicious intruders detected, dispatching Cutter reinforcements to area. 08038_ System corrupted: Heat flow error (+180). 08039_ U-05 Engineer lays Concrete. 08039_ R-06 Scavenger destroyed. 08042_ Imp. Deuterium Engine severed. 08045_ Knocked back. 08045_ C-17 Slicer destroyed. 08045_ Imp. VTOL Module destroyed. 08045_ Surge Thruster destroyed. 08045_ System corrupted by crushing effect (+1). 08045_ System corrupted by crushing effect (+5). 08045_ Knocked back. 08052_ Imp. VTOL Module severed. Map ----- +----------------------------------------------------+ | | | | | | | | | | | | | | | | | | | | | ???????????????????????????????????????? | | ????????????###########????????????????? | | ????????????# ! = #????????????????? | | #???????????# ############?????? | | #???????????# """ """ # #?????? | | #???????????# """ """ # #?????? | | #???????????# """ """ # #####+######??? | | #?########### """ """!#= ## #??? | | #?# # """ """=+ ## """ == ##?? | | #?# """ # #* ## """ == #?? | | #?# """ ###+####### ## """ = ##?? | | ### """ # ##### # [ #??? | | " " + # ! [#??? | | ### # T # #??? | | ??# # ##### # #??? | | ??# ] #############@#######+###??? | | #############??#! """ """cc#????# #????? | | #?????????# """ """ #????# #????? | | #?????????# """ """ #????# #????? | | """ #?????????# #????# #????? | | """ #?????????# #????# #????? | | """ #?????????#! #????# #????? | | #?????????# #????# #????? | | ######?????????#### ###????# #????? | | ??????????????????# #??????# #????? | | ?????????????????# ######### #????? | | ?????????????????## #????? | | ??????????????????# ########????? | | ??????????????????# #??????? | | ????????????######## = """#??????? | | ????????????# [ # ##=% R"#??????? | | ????????????# ## * """#??????? | | ????????????# """ #" * #??????? | | ????????????# """ # ###+######?????? | | ???????###### """ [ #?????? | | ???????# + *! % #?????? | | ???????# ########## =%== ?????? | | ???????# #????????## * ???? | | ???????# #?????????# #?? | | ???????# #??######## ##?? | +----------------------------------------------------+ Best States ------------- Heat Dissipation 42 Energy Generation 16 Energy Capacity 290 Matter Stores 300 Matter Capacity 300 Sight Range 16 Robot Scan Range 15 Terrain Scan Range 16 Terrain Scan Density 10 Armor Coverage 300 Evasion (%) 64 Targeting Accuracy 6 Recoil Reduction 3 Offensive Hacking 20 Defensive Hacking 10 Item Schematics ----------------- Imp. Flight Unit | -9/Materials | Scanalyzed Robot Schematics ------------------ K-01 Serf | -9/Storage | Hacked Fabricated ------------ Nothing Alien Tech Used ----------------- None Achievements -------------- None Challenges ------------ None Game ------ Seed RagnarokWeldingShearcannon Manual? 0 Play Time 01:20:21 Cumulative 34.8 hours Start 2024.08.18 @ 02:39:08 End 2024.08.18 @ 03:57:50 Sessions 1 Manual Loads 0 Difficulty Rogue Special Mode None Game No. 60 Rogue 60 Adventurer 0 Explorer 0 Win Type - Total 0 Types 0/0/0/0/0/0/0/0/0 Lore% 35 Gallery% 30 Achievement% 28 Wizard Run 0 Options --------- Layout 2 ASCII 0 Keyboard 1 Movement Arrows Keybinds 0 Fullscreen 2 Font 32/SmallcapsGlow Map View 50x44 Zoom Use 0% Tactical HUD 1 Map Filters NONE Filters NONE Steam 1 RUN: 7d95b129-f800-43a8-ba5f-3515ced09a4b